 Dungeon Crawl Stone Soup version 0.30.1-4-g462c640d31 (webtiles) character file.

Game seed: 12165779308567239968

88 spardeous the Chopper (level 4, -1/42 HPs)
             Began as a Minotaur Berserker on Aug 23, 2023.
             Was a Believer of Trog.
             Killed from afar by Grinder (14 damage)
             ... with a bolt of light
             ... while paralysed by Grinder
             ... on level 3 of the Dungeon.
             The game lasted 00:02:34 (1837 turns).

spardeous the Chopper (Minotaur Berserker)          Turns: 1837, Time: 00:02:35

Health: -1/42      AC:  5    Str: 23    XL:     4   Next: 29%
Magic:  3/3        EV:  2    Int:  4    God:    Trog [**....]
Gold:   139        SH:  0    Dex: 10    Spells: 3/3 levels left

rFire   . . .        a - +0 hand axe
rCold   . . .        (no shield)
rNeg    . . .        e - +0 ring mail
rPois   .            (helmet restricted)
rElec   .            (no cloak)
rCorr   .            (no gloves)
SInv    .            (no boots)
Will    ++...        (no amulet) Stlth
                     (no ring)
HPRegen 1.27/turn    (no ring)
MPRegen 0.08/turn

%: no passive effects
@: paralysed, strong-willed, on berserk cooldown, regenerating, slowed
A: horns 2, retaliatory headbutt
a: Renounce Religion, Berserk, Trog's Hand


You were on level 3 of the Dungeon.
You worshipped Trog.
Trog was pleased with you.
You visited 1 branch of the dungeon, and saw 3 of its levels.

You collected 139 gold pieces.

Inventory:

Hand Weapons
 a - a +0 hand axe (weapon)
Armour
 b - a +0 animal skin
 e - a +0 ring mail (worn)
Scrolls
 c - a scroll of identify {unknown}
 d - 3 scrolls of fear {unknown}
 j - a scroll of teleportation {unknown}
 l - 2 scrolls of magic mapping {unknown}
Potions
 f - a potion of flight {unknown}
 g - 2 potions of curing {unknown}
 h - a potion of brilliance {unknown}
 i - a potion of invisibility {unknown}
 k - a potion of attraction {unknown}


   Skills:
 - Level 5.0 Fighting
 + Level 5.1 Axes
 - Level 2.4 Armour
 - Level 2.1 Dodging


You had 3 spell levels left.
You didn't know any spells.
Your spell library was empty.

Dungeon Overview and Level Annotations

Branches:
Dungeon (3/15)

Altars:
The Shining One

Shops:
D:3 [

Annotations:
D:3 Grinder


Innate Abilities, Weirdness & Mutations

You have a pair of horns on your head.
You reflexively headbutt those who attack you in melee.


Message History

You writhe in agony.
* * * LOW HITPOINT WARNING * * *
Grinder gestures at you. Pain shoots through your body!
* * * LOW HITPOINT WARNING * * *
Grinder blinks!
You can move again.
You take 22 damage, and have 15/63 hp.
MASSIVE DAMAGE!!
You feel a strong urge to attack something.
Grinder says, "DUCK!"
Grinder blinks!
You feel your anger nearly subside.
You are no longer berserk.
You are exhausted.
You feel yourself slow down.
You now have 11/42 hp.
You hit Grinder.
Grinder is almost dead.
Grinder gestures at you.
You suddenly lose the ability to move!
Grinder gestures at you.
You shrug off the repeated paralysis!
Grinder hits you!
* * * LOW HITPOINT WARNING * * *
Grinder blinks!
You can move again.
You take 9 damage, and have 2/42 hp.
MASSIVE DAMAGE!!
You don't know any spells.
Your skin crawls.
You feel strong-willed.
You regained 2 hp, and now have 4/42 hp.
Grinder gestures at you. You resist with almost no effort.
Grinder blinks!
You regained 2 hp, and now have 6/42 hp.
You regained 2 hp, and now have 8/42 hp.
Grinder says, "FISH!"
Grinder gestures at you.
You suddenly lose the ability to move!
Grinder blinks!
Grinder zaps a wand.
The bolt of light hits you!
You die...

#.........#..........
#......####.....>....
.#.........#.........#
.#########.##........
...........###.......
#######...5# #####.
#.......# #.......#
#.@.....# #..#.#..#
#....ยง..# ##.#.#..#
#......# ####...# ####


You could see Grinder.

Vanquished Creatures
  4 adders (D:2)
  A dart slug (D:1)
  6 ball pythons
  4 bats
  8 endoplasms
  2 giant cockroaches (D:2)
  2 goblins
  7 hobgoblins
  2 jackals (D:3)
  A quokka (D:2)
  2 frilled lizards
  4 kobolds
  3 rats
46 creatures vanquished.

Notes
Turn   | Place    | Note
-------+----------+-------------------------------------------
     0 | D:1      | spardeous the Minotaur Berserker began the quest for the
                  | Orb.
     0 | D:1      | Reached XP level 1. HP: 19/19 MP: 0/0
   180 | D:1      | Reached XP level 2. HP: 26/27 MP: 1/1
   733 | D:2      | Reached XP level 3. HP: 28/34 MP: 2/2
   969 | D:2      | Reached ** piety under Trog
  1129 | D:2      | Reached XP level 4. HP: 36/41 MP: 3/3
  1296 | D:2      | Reached skill level 5 in Fighting
  1363 | D:2      | Reached skill level 5 in Axes
  1691 | D:3      | Found a glowing golden altar of the Shining One.
  1753 | D:3      | Found a faded altar of an unknown god.
  1769 | D:3      | Found Wuchate's Armour Emporium.
  1814 | D:3      | Noticed Grinder
  1820 | D:3      | Paralysed by Grinder for 4 turns
  1829 | D:3      | Paralysed by Grinder for 3 turns
  1830 | D:3      | HP: 2/42 [Grinder (9)]
  1835 | D:3      | Paralysed by Grinder for 4 turns
  1837 | D:3      | Killed from afar by Grinder

Illustrated notes

Levels and vault maps discovered:
D:1:      sevenhm_arrival_forest_fort_small_4, layout_basic
D:2:      layout_loops_cross, nicolae_hexahallways, minmay_misc_feat_alley,
          kennysheep_potato
D:3:      layout_rooms, mainiacjoe_overflow_small_starburst, serial_shops, shop,
          shapermc_ecumenical_altar_flowoftime, serial_co_window_serial,
          co_window_of_opportunity_a, co_window_paths_a, co_window_corner_a,
          co_window_cross_1, co_window_paths_a, co_window_of_opportunity_b,
          co_window_corner_b, co_window_of_opportunity_c,
          co_window_of_opportunity_c, glass_columns_a, glass_columns_a,
          glass_columns_a, glass_columns_a, uniq_grinder

Skill      XL: |  1  2  3  4 |
---------------+-------------+-----
Fighting       | 4 5 |  5.0
Axes           | 4 5 |  5.1
Armour         | |  2.4
Dodging        | |  2.1

Action                     |  1- 3 |  4- 6 || total
---------------------------+-------+-------++-------
  Melee: Hand axe          |    72 |    22 ||    94
         Headbutt          |     9 |     3 ||    12
 Invoke: Berserk           |       |     1 ||     1
         Trog's Hand       |       |     1 ||     1
 Armour: Animal skin       |     9 |       ||     9
         Ring mail         |    11 |     3 ||    14
  Dodge: Dodged            |    58 |     9 ||    67
